 Dungeon Crawl Stone Soup version 0.31-a0-963-ga325b2283a (webtiles) character file.

Game seed: 10873904321239947082

32 Arcadio the Grave Robber (level 3, -6/26 HPs)
             Began as a Ghoul Necromancer on Oct 24, 2023.
             Was a Follower of Cheibriados.
             Mangled by Terence
             ... wielding a +4 hand axe of freezing
              (9 damage)
             ... on level 2 of the Dungeon.
             The game lasted 00:03:56 (1305 turns).

Arcadio the Grave Robber (Ghoul Necromancer)        Turns: 1305, Time: 00:03:57

Health: -6/26      AC:  2    Str: 14    XL:     3   Next: 25%
Magic:  5/5        EV: 12    Int: 15    God:    Cheibriados [*.....]
Gold:   96         SH:  0    Dex: 12    Spells: 2/6 levels left

rFire   . . .        f - +3 triple sword
rCold   + . .        (shield currently unavailable)
rNeg    + + +        a - +0 robe
rPois   ∞            (no helmet)
rElec   .            (no cloak)
rCorr   .            (no gloves)
SInv    .            (no boots)
Will    .....        (no amulet)
Stlth   ++           (no ring)
HPRegen 0.00/turn    (no ring)
MPRegen 0.09/turn

%: no passive effects
@: inhibited regen, very slow
A: claws 1, cold resistance 1, negative energy resistance 3, inhibited
regeneration, torment resistance 2, devour on kill
a: Renounce Religion, Bend Time


You were on level 2 of the Dungeon.
You worshipped Cheibriados.
Cheibriados was aware of your devotion.
You visited 1 branch of the dungeon, and saw 2 of its levels.

You collected 96 gold pieces.

Inventory:

Hand Weapons
 f - a +3 triple sword (weapon)
Armour
 a - a +0 robe (worn)
Jewellery
 h - a ring of resist corrosion
Scrolls
 d - a scroll of teleportation
 e - a scroll of vulnerability
 g - a scroll of blinking {unknown}
 i - a scroll of fog {unknown}
 r - a scroll of identify
Potions
 b - a potion of magic
 c - a potion of mutation {unknown}


   Skills:
 + Level 2.4 Dodging
 - Level 2.1 Stealth
 + Level 2.2 Spellcasting
 + Level 4.3 Necromancy


You had 2 spell levels left.
You knew the following spells:

 Your Spells              Type           Power      Damage    Failure   Level
a - Necrotise             Necr           56%        1d6       3%          1
b - Vampiric Draining     Necr           14%        2d7       11%         3

Your spell library contained the following spells:

 Spells                   Type           Power      Damage    Failure   Level
 Animate Dead             Necr           14%        N/A       36%         4
 Agony                    Necr           14%        N/A       71%         5


Dungeon Overview and Level Annotations

Branches:
Dungeon (2/15) Zot: 16230

Altars:
Cheibriados
Gozag

Annotations:
D:2 Terence


Innate Abilities, Weirdness & Mutations

You are immune to poison.
You have sharp fingernails.
Your flesh is cold resistant. (rC+)
You are immune to negative energy. (rN+++)
You do not regenerate when monsters are visible.
You are immune to unholy pain and torment.
You thrive by killing the living.


Message History

The giant cockroach barely misses you.
You barely miss the giant cockroach. The giant cockroach barely misses you.
Your goblin skeleton hits the giant cockroach but does no damage.
The giant cockroach closely misses you.
You closely miss the giant cockroach. The giant cockroach bites you.
Your goblin skeleton closely misses the giant cockroach.
The giant cockroach barely misses you.
You hit the giant cockroach but do no damage.
The giant cockroach bites you but does no damage.
Your goblin skeleton misses the giant cockroach.
The giant cockroach closely misses you.
Your goblin skeleton closely misses the giant cockroach.
You slash the giant cockroach!
You kill the giant cockroach!
Cheibriados appreciates the change of pace.
Terence the Incautious comes into view.
He is wielding a +4 hand axe of freezing and wearing a +0 chain mail of positive energy.
Terence is nearby!
Terence shouts!
Terence says, "Time to say good-bye..."
Terence barely misses you.
You hit Terence but do no damage.
Terence hits you with a +4 hand axe of freezing!
Terence freezes you. Terence closely misses you.
Terence barely misses your goblin skeleton.
You barely miss Terence. Terence misses you.
Terence hits your goblin skeleton with a +4 hand axe of freezing.
Your goblin skeleton hits Terence but does no damage.
Terence misses you.
Terence hits your goblin skeleton with a +4 hand axe of freezing!
Your goblin skeleton is destroyed!
You barely miss Terence. Terence closely misses you.
You barely miss Terence.
Terence hits you with a +4 hand axe of freezing!
* * * LOW HITPOINT WARNING * * *
Terence freezes you.
* * * LOW HITPOINT WARNING * * *
Terence misses you. Terence attacks as he pursues you!
Terence hits you with a +4 hand axe of freezing!
You die...

###### #.......# .....#
#.......# .###.# #........
.. ...#.# #.......# .###
...#.# ##.......# ....
.....# .........# #..#
#.#..# #.......####..####
####.# #.....@@..........
#.#..# ########.....$....
.....# #.>..............
...#.# #...............#
...#.# #...............#
...#.. #......#........#
...#### ###...##........#
....#######....###....?...#
...............# #........#


You could see Terence.

Vanquished Creatures
  A worm (D:2)
  5 ball pythons (D:1)
  A bat (D:1)
  3 endoplasms (D:1)
  A giant cockroach (D:2)
  2 hobgoblins (D:1)
  3 jackals (D:1)
  3 kobolds
  A goblin (D:2)
  A rat (D:2)
21 creatures vanquished.

Vanquished Creatures (collateral kills)
  A giant cockroach (D:1)
  A jackal (D:1)
2 creatures vanquished.

Grand Total: 23 creatures vanquished

Notes
Turn   | Place    | Note
-------+----------+-------------------------------------------
     0 | D:1      | Arcadio the Ghoul Necromancer began the quest for the Orb.
     0 | D:1      | Reached XP level 1. HP: 14/14 MP: 2/2
   226 | D:1      | Reached XP level 2. HP: 11/20 MP: 0/4
   268 | D:1      | Found a faded altar of an unknown god.
   308 | D:1      | Prayed at the altar of an unknown god.
   308 | D:1      | Became a worshipper of Cheibriados the Contemplative
   308 | D:1      | Reached * piety under Cheibriados
   759 | D:1      | Reached XP level 3. HP: 26/26 MP: 5/5
  1178 | D:2      | Learned a level 3 spell: Vampiric Draining
  1253 | D:2      | Found an opulent altar of Gozag.
  1296 | D:2      | Noticed Terence
  1305 | D:2      | Mangled by Terence

Illustrated notes

Levels and vault maps discovered:
D:1:      erik_arrival_triangle_small, layout_loops_ring,
          nicolae_ecumenical_snake_handling
D:2:      layout_basic, basic_altar, nicolae_figureground_sparkle, uniq_terence,
          uniq_robin

Skill      XL: |  1 |
---------------+----+-----
Dodging        | 2 |  2.4
Spellcasting   | 2 |  2.2
Stealth        | |  2.1
Necromancy     | |  4.3

Action                     || total
---------------------------++-------
  Melee: Unarmed           ||    34
         Triple sword      ||    27
   Cast: Necrotise         ||    20
    Use: Scroll            ||     2
 Armour: Robe              ||    50
  Dodge: Dodged            ||    63

Table legend: (Time is in decaauts)
 A = Elapsed time spent in this place.
 B = Non-inter-level travel time spent in this place.
 C = Inter-level travel time spent in this place.
 D = Time resting spent in this place.
 E = Time spent auto-exploring this place.
 F = Levels seen in this place.
 G = Mean time per level.
                   A        B        C        D        E       F      G
               +--------+--------+--------+--------+--------+-----+--------+
         Total |   1612 |   1576 |     36 |     36 |   1293 |   2 |  806.0 |
       Dungeon |   1612 |   1576 |     36 |     36 |   1293 |   2 |  806.0 |
               +--------+--------+--------+--------+--------+-----+--------+

Top non-repeatable levels by time:
     D:1: 1195 daAuts
     D:2: 417 daAuts
